 Dungeon Crawl Stone Soup version 0.29.1-1-gd02db6906a (webtiles) character file.

Game seed: 12488148404281223238

86 firemarshallily the Sneak (level 4, -4/25 HPs)
             Began as an Octopode Wanderer on Oct 20, 2022.
             Was a Believer of Hepliaklqana.
             Slain by a gnoll
             ... wielding a +0 flail
              (7 damage)
             ... on level 4 of the Dungeon.
             The game lasted 00:07:06 (3243 turns).

firemarshallily the Sneak (Octopode Wanderer)       Turns: 3243, Time: 00:07:07

Health: -4/25      AC:  1    Str:  8    XL:     4   Next: 49%
Magic:  7/7        EV: 13    Int: 18    God:    Hepliaklqana [**....]
Gold:   210        SH:  0    Dex: 18    Spells: 6/7 levels left

rFire   + . .      SeeInvis .   a - +0 dagger
rCold   . . .      Faith    .   (no shield)
rNeg    . . .      Spirit   .   c - +0 hat
rPois   .          Reflect  .   (no amulet)
rElec   .          Harm     .   j - +6 ring of dexterity
rCorr   .          Rampage  .   k - ring of protection from fire
Will    .....                   (no ring)
Stlth   ++++......              (no ring)
HPRegen 0.08/turn               (no ring)
MPRegen 0.10/turn               (no ring)
                                (no ring)
                                (no ring)

@: no status effects
A: reduced essence, almost no armour, amphibious, 8 rings, camouflage 1,
gelatinous body 1, (nimble swimmer 1), tentacles
a: Renounce Religion, Recall Ancestor, Ancestor Identity


You were on level 4 of the Dungeon.
You worshipped Hepliaklqana.
Hepliaklqana was pleased with you.
You visited 1 branch of the dungeon, and saw 4 of its levels.

You collected 210 gold pieces.

Inventory:

Hand Weapons
 a - a +0 dagger (weapon)
Missiles
 g - 54 stones
 s - 3 javelins
Armour
 c - a +0 hat (worn)
Jewellery
 j - a +6 ring of dexterity (left tentacle)
 k - a ring of protection from fire (right tentacle)
Scrolls
 d - 2 scrolls of enchant weapon {unknown}
 e - a scroll of amnesia {unknown}
 f - a scroll of identify
 h - 3 scrolls of vulnerability {unknown}
 i - a scroll of poison {unknown}
 l - 4 scrolls of butterflies {unknown}
 m - a scroll of summoning {unknown}
 n - 2 scrolls of teleportation
 o - a scroll of immolation
 p - a scroll of fear
 r - a scroll of magic mapping
Potions
 b - 4 potions of curing
 q - a potion of lignification


   Skills:
 + Level 1.3 Fighting
 * Level 2.0 Short Blades
 + Level 1.8 Dodging
 * Level 4.3 Stealth
 - Level 2.0 Spellcasting
 - Level 2.0 Air Magic
 - Level 2.0 Earth Magic
 - Level 1.0 Invocations


You had 6 spell levels left.
You knew the following spells:

 Your Spells              Type           Power      Damage    Failure   Level
a - Sandblast             Erth           18%        2d7       8%          1

Your spell library contained the following spells:

 Spells                   Type           Power      Damage    Failure   Level
 Poisonous Vapours        Pois/Air       10%        N/A       19%         2
 Static Discharge         Conj/Air       5%         3-4/arc   19%         2
 Sublimation of Blood     Necr           1%         N/A       26%         2
 Stone Arrow              Conj/Erth      10%        3d7       34%         3
 Petrify                  Tmut/Erth      5%         N/A       75%         4
 Irradiate                Conj/Tmut      0%         3d11      99%         5


Dungeon Overview and Level Annotations

Branches:
Dungeon (4/15)
 Temple: D:4-7

Altars:
Hepliaklqana
Ru


Innate Abilities, Weirdness & Mutations

Your life essence is reduced to manifest your ancestor. (-10% HP)
You cannot wear most types of armour.
You are amphibious.
You can wear up to eight rings at the same time.
Your skin changes colour to match your surroundings (Stealth+).
Your rubbery body absorbs attacks. (AC +1, EV +1)
((You are camouflaged when in or above water. (Stealth+)))
You have tentacles for arms and can constrict up to eight enemies at once.


Message History

You see here 3 javelins.
s - 3 javelins
There is a stone staircase leading down here.
You climb downwards.
Found an emerald potion, 5 stones and a crooked copper wand.
There is a stone staircase leading up here.
Found a ring of protection from fire.
You see here a wand of roots (10).
The helpless orc fails to defend itself.
You impale the orc!!
You kill the orc!
A goblin comes into view. It is wielding a +0 dagger.
The goblin shouts!
The gnoll shouts! x3
The gnoll hits Maria with a +0 club.
The gnoll completely misses you.
Maria points at the gnoll and mumbles some strange words.
The gnoll resists with some effort.
You barely miss the gnoll. You grab the gnoll.
You constrict the gnoll, but do no damage.
The gnoll closely misses you. The gnoll hits you with a +0 whip.
The gnoll barely misses you.
Maria hits the gnoll with a +0 dagger of draining.
Maria drains the gnoll.
You hit the gnoll but do no damage. You constrict the gnoll.
The gnoll hits you with a +0 club. The gnoll hits you with a +0 whip.
The gnoll misses you.
Maria gestures at the gnoll while chanting.
The gnoll resists with significant effort.
You hit the gnoll. You squeeze the gnoll!
The gnoll is almost dead.
You constrict the gnoll, but do no damage.
The gnoll misses you. x2; The gnoll hits you with a +0 flail!
* * * LOW HITPOINT WARNING * * *
Maria hits the gnoll with a +0 dagger of draining.
Maria barely misses the gnoll.
You release your grip on the gnoll.
The gnoll hits Maria with a +0 club.
Maria hits the gnoll with a +0 dagger of draining.
Maria points at the gnoll and mumbles some strange words.
The gnoll appears confused.
The gnoll attacks as you move away! The gnoll hits you with a +0 flail!
You die...

##########
#........#
#........#
##...g....#
#....R.gg.#
.....g..@.)#
#.#....../.#
#........#
#..(.....######
######.<..!....
#.........
...........
#######.#### .#


You could see the friendly Maria the hexer, 3 gnolls and a goblin.

Vanquished Creatures
  A hound (D:3)
  An adder (D:2)
  2 dart slugs
  An orc (D:4)
  A ball python (D:2)
  6 bats
  An endoplasm (D:2)
  2 giant cockroaches (D:2)
  2 goblins (D:1)
  3 hobgoblins
  4 kobolds
  5 quokkas
  A frilled lizard (D:3)
  A rat (D:2)
31 creatures vanquished.

Vanquished Creatures (collateral kills)
  An endoplasm (D:2)
  2 goblins
  A kobold (D:2)
  A ball python (D:2)
  A bat (D:3)
  A rat (D:2)
7 creatures vanquished.

Grand Total: 38 creatures vanquished

Notes
Turn   | Place    | Note
-------+----------+-------------------------------------------
     0 | D:1      | firemarshallily the Octopode Wanderer began the quest for
                  | the Orb.
     0 | D:1      | firemarshallily set off with the following items: a +0
                  | dagger, a potion of curing, a +0 hat; and the following
                  | spell memorised: Sandblast; and the following spells
                  | available to memorise: Poisonous Vapours, Static Discharge,
                  | Stone Arrow, Petrify.
     0 | D:1      | Reached XP level 1. HP: 11/11 MP: 3/3
   265 | D:1      | Reached skill level 3 in Stealth
   268 | D:1      | Reached XP level 2. HP: 4/18 MP: 5/5
   778 | D:1      | Found a faded altar of an unknown god.
   805 | D:1      | Prayed at the altar of an unknown god.
   805 | D:1      | Became a worshipper of Hepliaklqana the Forgotten
   805 | D:1      | Reached * piety under Hepliaklqana
  1022 | D:1      | Reached skill level 1 in Short Blades
  1357 | D:2      | Reached XP level 3. HP: 12/19 MP: 6/6
  1559 | D:2      | Reached skill level 1 in Fighting
  2242 | D:2      | Reached skill level 4 in Stealth
  2304 | D:3      | Reached XP level 4. HP: 7/25 MP: 7/7
  2754 | D:3      | Reached ** piety under Hepliaklqana
  2755 | D:3      | Remembered your ancestor Maria as a hexer
  2824 | D:3      | Found a sacrificial altar of Ru.
  3243 | D:4      | Slain by a gnoll

Illustrated notes

Levels and vault maps discovered:
D:1:      heliophobic_arrival_enchanted_forest, layout_loops_corners,
          hellmonk_ecumenical_altar_lost_god,
          nicolae_concentric_dashed_squares_wild
D:2:      layout_basic, serial_curves, eino_curves_02, eino_curves_03,
          corexii_leaking_fountain
D:3:      layout_basic, nicolae_ru_the_path_less_chosen
D:4:      minmay_recursive_quarters, layout_rooms, mainiacjoe_overflow_two_lobes

Skill      XL: |  1  2  3 |
---------------+----------+-----
Stealth        | 3 4 |  4.3
Short Blades   | 1 2 |  2.0
Fighting       | 1 |  1.3
Dodging        | |  1.8
Spellcasting   | |  2.0
Air Magic      | |  2.0
Earth Magic    | |  2.0
Invocations    | |  1.0

Action                   |  1- 3 |  4- 6 || total
-------------------------+-------+-------++-------
Melee: Dagger            |    71 |     6 ||    77
       Constrict         |    15 |     2 ||    17
       Tentacles         |    15 |     2 ||    17
       Punch             |       |     1 ||     1
Throw: Stone             |     1 |       ||     1
Invok: Ancestor Identity |     1 |     1 ||     2
       Ancestor Life: He |       |     1 ||     1
  Use: Scroll            |       |     5 ||     5
 Stab: Sleeping          |    11 |     2 ||    13
Armor: Skin              |     8 |       ||     8
Dodge: Dodged            |    42 |     7 ||    49
